 Dungeon Crawl Stone Soup version 0.29-a0-371-g91724d5b39 (webtiles) character file.

Game seed: 7513250332653029230

445 Bruhh the Magician (level 7, -3/46 HPs)
             Began as a Merfolk Summoner on May 3, 2022.
             Slain by a hobgoblin (6 damage)
             ... on level 4 of the Dungeon.
             The game lasted 00:14:27 (5403 turns).

Bruhh the Magician (Merfolk Summoner)               Turns: 5403, Time: 00:14:28

Health: -3/46      AC:  2    Str:  8    XL:     7   Next: 3%
Magic:  16/16      EV: 12    Int: 22    God:
Gold:   96         SH:  0    Dex: 15    Spells: 12/18 levels left

rFire   . . .      SeeInvis .   g - staff of poison
rCold   . . .      Faith    .   (no shield)
rNeg    . . .      Spirit   .   a - +0 robe
rPois   +          Reflect  .   (no helmet)
rElec   .          Harm     .   (no cloak)
rCorr   .          Rampage  .   (no gloves)
Will    .....                   (no boots)
Stlth   ++........              k - amulet of magic regeneration
HPRegen 0.15/turn               m - +6 ring of intelligence
MPRegen 0.55/turn               (no ring)

@: lethally poisoned (-3 -> -4)
A: (nimble swimmer 2), mertail
a: no special abilities


You were on level 4 of the Dungeon.
You visited 1 branch of the dungeon, and saw 4 of its levels.

You collected 96 gold pieces.

Inventory:

Hand Weapons
 o - a +2 flail of protection
Armour
 a - a +0 robe (worn)
Magical Staves
 g - a staff of poison (weapon)
 i - a staff of death
Jewellery
 k - an amulet of magic regeneration (around neck)
 m - a +6 ring of intelligence (left hand)
 n - a ring of fire
 q - an amulet of faith
 t - a ring of positive energy
 u - a ring of resist corrosion
Scrolls
 e - 4 scrolls of identify {unknown}
 h - a scroll of enchant weapon {unknown}
 w - a scroll of noise {unknown}
Potions
 b - a potion of magic
 c - a potion of lignification {unknown}
 d - 4 potions of curing {unknown}
 l - a potion of heal wounds {unknown}
 p - 2 potions of degeneration {unknown}
 r - a potion of ambrosia {unknown}
 v - a potion of cancellation {unknown}
 x - 4 potions of flight {unknown}
 A - a potion of invisibility {unknown}


   Skills:
 - Level 2.6 Dodging
 - Level 2.1 Stealth
 + Level 6.1 Spellcasting
 - Level 5.0 Summonings


You had 12 spell levels left.
You knew the following spells:

 Your Spells              Type           Power      Damage    Failure   Level
a - Summon Small Mammal   Summ           100%       N/A       1%          1
b - Call Imp              Summ           28%        N/A       1%          2
c - Call Canine Familiar  Summ           28%        N/A       3%          3

Your spell library contained the following spells:

 Spells                   Type           Power      Damage    Failure   Level
 Summon Guardian Golem    Hex/Summ       17%        N/A       10%         3
 Summon Lightning Spire   Summ/Air       17%        N/A       32%         4


Dungeon Overview and Level Annotations

Branches:
Dungeon (4/15)
 Temple: D:4-7

Altars:

Annotations:
D:4 Eustachio, Robin


Innate Abilities, Weirdness & Mutations

((You are very nimble when in or above water. (Stealth+, EV+, Speed+++)))
Your lower body shifts to a powerful aquatic tail in water.


Message History

Your surroundings suddenly seem different.
Robin, an ogre, 12 goblins and an adder come into view.
Found 9 gold pieces and a scroll labelled LIRYLE RUFOGOI.
Found a stone staircase leading down.
You feel sick.
Robin shouts!
The goblin shouts! x2; The ogre shouts!
The goblin shouts!
You hear a shout!
Robin throws the goblin at you!
The goblin shouts!
The hobgoblin shouts!
As you read the scroll labelled RUOVIOSTIGA, it crumbles to dust.
You speak a Word of immense power!
It was a scroll of holy word.
You feel sick.
The goblin shouts!
The hobgoblin shouts!
The goblin shouts! x2
The goblin closely misses you.
The goblin unwields a +0 dagger.
The goblin wields a +0 hunting sling.
The goblin shoots a sling bullet.
The sling bullet closely misses you. Robin throws the goblin at you!
The adder hisses angrily.
As you read the scroll labelled JOCWADU TOYSCHA, it crumbles to dust.
It is a scroll of amnesia.
Really abort (and waste the scroll)?
Okay, then.
You feel sick. The goblin misses you. The hobgoblin hits you.
* * * LOW HITPOINT WARNING * * *
The goblin hits you with a +0 dagger.
* * * LOW HITPOINT WARNING * * *
The hobgoblin barely misses you.
As you read the scroll labelled ETETOE YNIFRUE, it crumbles to dust.
You feel aware of your surroundings.
It was a scroll of magic mapping.
You feel sick. The goblin hits you with a +0 club.
* * * LOW HITPOINT WARNING * * *
The hobgoblin barely misses you. The goblin barely misses you.
The goblin closely misses you.
Blink to where?
Press: ? - help, Dir - move target A hobgoblin comes into view.
As you read the scroll labelled WEWEEG BEQE, it crumbles to dust.
It was a scroll of blinking.
You feel sick.
The hobgoblin hits you but does no damage.
Robin roars a battlecry!
The goblins go into a battle-frenzy!
You feel sick. The hobgoblin hits you.
You die...

###### #....# #....#
#....# *** #....# *,,
#....# *,, *######....#
*,, *......g@..# *,,
*..........# *,,
*........##### *,,
*............#*********,,
*..?>.SOgg...+,,,,,,,,+,,
*.......ggg..#*********,,
*......gggggg# ***
*.......g.g..#
*............#


You could see an ogre, Robin, an adder, 3 hobgoblins and 8 goblins.

Vanquished Creatures
  Sigmund (D:2)
  An adder (D:2)
  4 bats (D:3)
  3 endoplasms
  A goblin (D:3)
  2 hobgoblins
  3 frilled lizards (D:3)
  4 rats
19 creatures vanquished.

Vanquished Creatures (collateral kills)
  An orc warrior (D:3)
  Terence (D:2)
  Jessica (D:3)
  An orc wizard (D:3)
  2 adders
  2 worms
  4 orcs (D:3)
  An endoplasm (D:3)
  5 giant cockroaches
  5 goblins
  3 hobgoblins
  2 jackals (D:1)
  7 kobolds
  A quokka (D:3)
  3 ball pythons
  5 bats
  A frilled lizard (D:3)
  4 rats
49 creatures vanquished.

Grand Total: 68 creatures vanquished

Notes
Turn   | Place    | Note
-------+----------+-------------------------------------------
     0 | D:1      | Bruhh the Merfolk Summoner began the quest for the Orb.
     0 | D:1      | Reached XP level 1. HP: 13/13 MP: 3/3
   303 | D:1      | Reached XP level 2. HP: 14/19 MP: 3/5
   439 | D:1      | Learned a level 2 spell: Call Imp
  1027 | D:1      | Found a faded altar of an unknown god.
  1183 | D:2      | Reached XP level 3. HP: 24/24 MP: 0/7
  1415 | D:2      | Noticed Terence
  1957 | D:2      | Killed Terence
  1958 | D:2      | Reached skill level 3 in Spellcasting
  1958 | D:2      | Reached XP level 4. HP: 30/30 MP: 2/8
  2201 | D:2      | Noticed Sigmund
  2231 | D:2      | Killed Sigmund
  2232 | D:2      | Reached skill level 5 in Spellcasting
  2232 | D:2      | Reached skill level 5 in Summonings
  2232 | D:2      | Reached XP level 5. HP: 18/35 MP: 8/12
  2232 | D:2      | Reached XP level 6. HP: 21/41 MP: 8/13
  2652 | D:3      | Noticed Jessica
  2662 | D:3      | Killed Jessica
  2822 | D:3      | HP: 1/41 [orc/+0 mace (6)]
  3843 | D:3      | Noticed an orc warrior
  3913 | D:3      | Killed an orc warrior
  4360 | D:3      | Learned a level 3 spell: Call Canine Familiar
  4422 | D:3      | Reached skill level 6 in Spellcasting
  4889 | D:3      | Reached XP level 7. HP: 30/46 MP: 16/16
  5300 | D:4      | Noticed Eustachio
  5398 | D:4      | Noticed Robin
  5403 | D:4      | Slain by a hobgoblin

Illustrated notes

Levels and vault maps discovered:
D:1:      roderic_dead_forest, layout_rooms,
          hellmonk_ecumenical_altar_dog_temple
D:2:      layout_basic, hangedman_decor_peaks_small, st_stairs_7, uniq_terence,
          uniq_sigmund
D:3:      minmay_thinvault, layout_basic, uniq_jessica
D:4:      layout_basic, hangedman_abyss_or_decor_slice, dk_noncrumbling_2,
          uniq_eustachio, uniq_robin

Skill      XL: |  1  2  3  4  5  6 |
---------------+-------------------+-----
Spellcasting   | 3 5 6 |  6.1
Summonings     | 5 |  5.0
Dodging        | |  2.6
Stealth        | |  2.1

Action                   |  1- 3 |  4- 6 |  7- 9 || total
-------------------------+-------+-------+-------++-------
Melee: Staff             |    50 |    47 |    11 ||   108
       Unarmed           |     3 |       |       ||     3
       Punch             |       |     1 |       ||     1
 Cast: Summon Small Mamm |    30 |    55 |     6 ||    91
       Call Imp          |     8 |    28 |     4 ||    40
       Call Canine Famil |       |     3 |     3 ||     6
  Use: Scroll            |       |     2 |     5 ||     7
 Stab: Distracted        |       |     1 |       ||     1
       Sleeping          |       |     2 |     1 ||     3
Armor: Robe              |    16 |    23 |     1 ||    40
Dodge: Dodged            |    44 |    74 |    13 ||   131

Table legend: (Time is in decaauts)
 A = Elapsed time spent in this place.
 B = Non-inter-level travel time spent in this place.
 C = Inter-level travel time spent in this place.
 D = Time resting spent in this place.
 E = Time spent auto-exploring this place.
 F = Levels seen in this place.
 G = Mean time per level.
                   A        B        C        D        E       F      G
               +--------+--------+--------+--------+--------+-----+--------+
         Total |   5423 |   5340 |     83 |   1199 |   3210 |   4 | 1355.8 |
       Dungeon |   5423 |   5340 |     83 |   1199 |   3210 |   4 | 1355.8 |
               +--------+--------+--------+--------+--------+-----+--------+

Top non-repeatable levels by time:
     D:3: 2724 daAuts
     D:2: 1436 daAuts
     D:1: 1179 daAuts
     D:4: 83 daAuts
